 Dungeon Sprint DCSS version 0.29-a0-551-gffc1d7fb78 (webtiles) character file.

Game seed: 6754633347977708169

1276 mhtbhm the Martial Artist (level 8, -23/45 HPs)
             Began as a Spriggan Transmuter on June 5, 2022.
             Was an Initiate of Gozag.
             Killed from afar by a tengu conjurer (26 damage)
             ... with a bolt of lightning
             ... in the Dungeon (Sprint IX: "|||||||||||||||||||||||||||||").
             The game lasted 00:02:01 (610 turns).

mhtbhm the Martial Artist (Spriggan Transmuter)      Turns: 610, Time: 00:02:02

Health: -23/45     AC:  7    Str:  8    XL:     8   Next: 29%
Magic:  19/23      EV: 17    Int: 15    God:    Gozag
Gold:   531        SH:  0    Dex: 18    Spells: 17/27 levels left

rFire   x . .      SeeInvis +     - Unarmed
rCold   + + +      Faith    .   (shield currently unavailable)
rNeg    . . .      Spirit   .   (body armour currently unavailable)
rPois   +          Reflect  .   (helmet currently unavailable)
rElec   .          Harm     .   (cloak currently unavailable)
rCorr   .          Rampage  .   (gloves unavailable)
Will    +....      NoTele   +   (boots unavailable)
Stlth   ++........              (no amulet)
HPRegen 0.15/turn               k - +2 ring of evasion
MPRegen 0.18/turn               l - +3 ring of dexterity

@: ice-form, wereblooded, gold aura, hasted, invisible, very quick
A: freezing attack, amphibious, boosted hp, large, no large weapons, unfitting
armour, see invisible, (speed 3)
a: End Transformation, Renounce Religion, Potion Petition, Call Merchant, Bribe
Branch


You were in the Dungeon.
You worshipped Gozag.
Gozag was pleased with you.
You were a creature of crystalline ice.
You visited 1 branch You collected 531 gold pieces.

Inventory:

Missiles
 m - 4 poisoned darts
Armour
 a - a +0 robe (melded)
Jewellery
 k - a +2 ring of evasion (left front paw)
 l - a +3 ring of dexterity (right front paw)
Wands
 j - a wand of acid (10)
Scrolls
 h - a scroll of blinking
 i - 2 scrolls of amnesia
Potions
 b - a potion of lignification
 c - 5 potions of curing
 f - 4 potions of magic


   Skills:
 + Level 1.7 Fighting
 + Level 9.3 Dodging
 + Level 2.0 Stealth
 + Level 11.2 Unarmed Combat
 + Level 10.0 Spellcasting
 + Level 9.4 Transmutations
 + Level 1.9 Ice Magic


You had 17 spell levels left.
You knew the following spells:

 Your Spells              Type           Power      Damage    Failure   Level
a - Beastly Appendage     Tmut           70%        N/A       1%          1
b - Wereblood             Tmut           35%        N/A       1%          2
c - Spider Form           Tmut/Pois      21%        N/A       4%          3
d - Ice Form              Ice/Tmut       24%        N/A       10%         4

Your spell library contained the following spells:

 Spells                   Type           Power      Damage    Failure   Level


Dungeon Overview and Level Annotations

Branches:
Dungeon (1/1)

Altars:
Cheibriados
Dithmenos
Elyvilon
Fedhas
Gozag
Hepliaklqana
Kikubaaqudgha
Makhleb
Nemelex Xobeh
Okawaru
Qazlal
Ru
Sif Muna
Trog
Uskayaw
Vehumet
Wu Jian
Xom
Yredelemnul
Zin
The Shining One
Beogh
Jiyva
Lugonu


Innate Abilities, Weirdness & Mutations

You are a creature of crystalline ice.
You have a powerful freezing melee attack.
You are amphibious.
Your maximum health is increased.
Your armour is entirely melded.
You are incapable of wielding weapons or throwing items.
You are very small and have problems with some larger weapons.
You are too small for most types of armour.
You have supernaturally acute eyesight. (SInv)
((You cover ground extremely quickly. (Speed+++)))


Message History

The tengu conjurer claws you but does no damage.
The centaur warrior shoots an arrow.
The arrow misses the unseen horror.
The arrow hits the white ugly thing!!
The white ugly thing dies!
Your Dodging skill increases to level 9!
Your Stealth skill increases to level 2!
Your Unarmed Combat skill increases to level 11!
Your Spellcasting skill increases to level 10!
Your Transmutations skill increases to level 9!
You have reached level 8!
Unknown command.
You completely miss the tengu conjurer.
You hit the tengu conjurer but do no damage.
The tengu conjurer completely misses you.
The tengu conjurer barely misses you. x2
You closely miss the tengu conjurer.
The centaur warrior shoots an arrow.
The arrow hits the unseen horror!
You completely miss the tengu conjurer.
The centaur warrior shoots an arrow.
The arrow hits the unseen horror!
The unseen horror dies!
The tengu conjurer barely misses you. The tengu conjurer pecks you.
The tengu conjurer claws you but does no damage.
You punch the tengu conjurer! You freeze the tengu conjurer.
The tengu conjurer is heavily wounded.
The centaur warrior shoots an arrow.
The arrow misses the tengu conjurer.
The arrow hits you! The tengu conjurer hits you.
The tengu conjurer barely misses you. x2
You hit the tengu conjurer. You freeze the tengu conjurer.
The tengu conjurer is heavily wounded.
The centaur warrior shoots an arrow.
The arrow barely misses the tengu conjurer.
The arrow hits you!
* * * LOW HITPOINT WARNING * * *
You hit the tengu conjurer. You freeze the tengu conjurer.
The tengu conjurer is severely wounded.
The tengu conjurer gestures at you while chanting.
The bolt of lightning hits you!!
Ouch! That really hurt!
You die...
Your body crumbles into a pile of gold.

$
▓)▓
$
▓.▓
▓[▓
$
▓[▓
▓[▓
$
▓.▓
▓*▓
$
▓)▓
▓Y▓
$
▓Q▓
$
▓$▓
$ $
▓.▓
$
▓c▓
$
▓c▓
▓W▓
▓.▓
▓§▓


You could see a centaur warrior (can't see you), a wraith, a tengu conjurer, a
centaur (can't see you) and a battlesphere.

Vanquished Creatures
  A gargoyle (D)
  A yak (D)
  An ice beast (D)
  2 centaurs (D)
  A kobold brigand (D)
  A scorpion (D)
  A jelly (D)
  2 orc priests (D)
  An iguana (D)
  A goblin (D)
  A hobgoblin (D)
  A quokka (D)
  A bat (D)
  A frilled lizard (D)
16 creatures vanquished.

Vanquished Creatures (others)
  An ugly thing (D)
  An unseen horror (D)
2 creatures vanquished.

Grand Total: 18 creatures vanquished

Notes
Turn   | Place    | Note
-------+----------+-------------------------------------------
     0 | D        | mhtbhm the Spriggan Transmuter began the quest for the Orb.
     0 | D        | Reached XP level 1. HP: 9/9 MP: 5/5
    15 | D        | Reached skill level 3 in Unarmed Combat
   143 | D        | Noticed an iguana
   143 | D        | Noticed a jelly
   143 | D        | Noticed a scorpion
   143 | D        | Noticed an ice beast
   143 | D        | Noticed a centaur
   148 | D        | Killed an iguana
   149 | D        | Reached skill level 4 in Unarmed Combat
   149 | D        | Reached XP level 2. HP: 14/14 MP: 5/8
   149 | D        | Reached XP level 3. HP: 17/17 MP: 5/9
   151 | D        | Reached skill level 5 in Unarmed Combat
   154 | D        | Killed a scorpion
   155 | D        | Reached skill level 1 in Fighting
   155 | D        | Reached skill level 5 in Dodging
   155 | D        | Reached skill level 6 in Unarmed Combat
   155 | D        | Reached skill level 5 in Spellcasting
   155 | D        | Reached skill level 5 in Transmutations
   155 | D        | Reached XP level 4. HP: 21/22 MP: 6/12
   156 | D        | Killed an ice beast
   157 | D        | Reached skill level 7 in Unarmed Combat
   157 | D        | Reached XP level 5. HP: 23/25 MP: 6/15
   158 | D        | Killed a centaur
   159 | D        | Reached skill level 8 in Unarmed Combat
   159 | D        | Reached XP level 6. HP: 27/30 MP: 6/17
   165 | D        | Found a snail-covered altar of Cheibriados.
   165 | D        | Found a shadowy altar of Dithmenos.
   165 | D        | Found a white marble altar of Elyvilon.
   165 | D        | Found a blossoming altar of Fedhas.
   165 | D        | Found an opulent altar of Gozag.
   166 | D        | Found a hazy altar of Hepliaklqana.
   167 | D        | Found a viscous altar of Jiyva.
   168 | D        | Found an ancient bone altar of Kikubaaqudgha.
   169 | D        | Found a corrupted altar of Lugonu.
   170 | D        | Found a burning altar of Makhleb.
   171 | D        | Found a sparkling altar of Nemelex Xobeh.
   172 | D        | Found an iron altar of Okawaru.
   179 | D        | Became a worshipper of Gozag Ym Sagoz the Greedy
   204 | D        | Found a stormy altar of Qazlal.
   205 | D        | Found a sacrificial altar of Ru.
   206 | D        | Found a shimmering blue altar of Sif Muna.
   207 | D        | Found a bloodstained altar of Trog.
   208 | D        | Found a hide-covered altar of Uskayaw.
   209 | D        | Found a radiant altar of Vehumet.
   210 | D        | Found an ornate altar of the Wu Jian Council.
   211 | D        | Found a shimmering altar of Xom.
   212 | D        | Found a basalt altar of Yredelemnul.
   213 | D        | Found a glowing silver altar of Zin.
   214 | D        | Found a glowing golden altar of the Shining One.
   241 | D        | Learned a level 2 spell: Wereblood
   245 | D        | Learned a level 3 spell: Spider Form
   250 | D        | Learned a level 4 spell: Ice Form
   425 | D        | Noticed a gargoyle
   425 | D        | Noticed a yak
   439 | D        | Reached skill level 9 in Unarmed Combat
   441 | D        | Killed a gargoyle
   442 | D        | Reached skill level 1 in Stealth
   442 | D        | Reached skill level 10 in Unarmed Combat
   442 | D        | Reached skill level 1 in Ice Magic
   442 | D        | Reached XP level 7. HP: 23/33 MP: 13/20
   445 | D        | Killed a yak
   587 | D        | Noticed a white ugly thing
   587 | D        | Noticed an unseen horror
   587 | D        | Noticed a tengu conjurer
   587 | D        | Noticed a centaur warrior
   587 | D        | Noticed a wraith
   603 | D        | Killed a white ugly thing
   604 | D        | Reached skill level 11 in Unarmed Combat
   604 | D        | Reached skill level 10 in Spellcasting
   604 | D        | Reached XP level 8. HP: 37/38 MP: 18/23
   607 | D        | Killed an unseen horror
   609 | D        | HP: 2/45 [centaur warrior/arrow (13)]
   610 | D        | Killed from afar by a tengu conjurer

Illustrated notes

Levels and vault maps discovered:
D:        linesprint [early_d, line_temple, items_1, d_10, items_2, lair_1,
          lair_end, items_3, orc_1, orc_end, items_4, d_15, swamp_1, shoals_1,
          snake_1, spider_1, d_20, vaults_1, items_5, swamp_end, shoals_end,
          snake_end, spider_end, vaults_end, d_27, items_6, zot_1, zot_end,
          crypt_end, forest_end, elf_end, slime_end, tomb_end, abyss_end,
          pan_hell_end]

Skill      XL: |  1  2  3  4  5  6  7 |
---------------+----------------------+-----
Dodging        | 3 5 6 8 9 |  9.3
Unarmed Combat | 4 6 7 8 10 11 | 11.2
Spellcasting   | 4 5 6 7 9 10 | 10.0
Transmutations | 3 5 6 8 9 |  9.4
Fighting       | 1 |  1.7
Stealth        | 1 2 |  2.0
Ice Magic      | 1 |  1.9

Action                   |  1- 3 |  4- 6 |  7- 9 || total
-------------------------+-------+-------+-------++-------
Melee: Unarmed           |    23 |    19 |    21 ||    63
       Headbutt          |     4 |       |       ||     4
       Kick              |     2 |     3 |       ||     5
       Punch             |     1 |       |       ||     1
 Cast: Beastly Appendage |     2 |       |       ||     2
       Ice Form          |       |     1 |     1 ||     2
       Wereblood         |       |     1 |     1 ||     2
  Use: Potion            |     1 |       |     5 ||     6
       Scroll            |       |       |     1 ||     1
Armor: Robe              |     1 |       |       ||     1
       Skin              |       |     4 |     5 ||     9
Dodge: Dodged            |    10 |    12 |    12 ||    34

Table legend: (Time is in decaauts)
 A = Elapsed time spent in this place.
 B = Non-inter-level travel time spent in this place.
 C = Inter-level travel time spent in this place.
 D = Time resting spent in this place.
 E = Time spent auto-exploring this place.
 F = Levels seen in this place.
 G = Mean time per level.
                   A        B        C        D        E       F      G
               +--------+--------+--------+--------+--------+-----+--------+
         Total |    571 |    571 |      0 |    407 |      0 |   1 |  571.0 |
       Dungeon |    571 |    571 |      0 |    407 |      0 |   1 |  571.0 |
               +--------+--------+--------+--------+--------+-----+--------+

Top non-repeatable levels by time:
       D: 571 daAuts
